 Dungeon Crawl Stone Soup version 0.13-a0-2527-g93fcdc4 (webtiles) character file.

540433 temujin the Invulnerable (level 26, -18/146 HPs)
             Began as a Gargoyle Earth Elementalist on July 25, 2013.
             Was the Champion of Cheibriados.
             Demolished by a hell hog simulacrum (30 damage)
             ... animated by a necromancer
             ... in the Vestibule of Hell on July 26, 2013.
             The game lasted 10:22:18 (76153 turns).

temujin the Invulnerable (GrEE)                    Turns: 76153, Time: 10:22:18

HP -18/146       AC 63     Str 31      XL: 26   Next: 35%
MP  23/50        EV  8     Int 43      God: Cheibriados [******]
Gold 5385        SH 33     Dex 27      Spells:  5 memorised, 28 levels left

Res.Fire  : + + +   See Invis. : +   a - staff of earth
Res.Cold  : x . .   Warding    : .   X - +12 crystal plate armour "Adwim" {rF++ Int Life Prot.: + + . Conserve : . O - +0 shield
Res.Poison: +       Res.Corr.  : .   y - +0 wizard hat {MR+}
Res.Elec. : +       Clarity    : +   D - -4 cloak "Diuf" {rN+ Int+2}
Sust.Abil.: . .     Spirit.Shd : .   T - +0 pair of gloves {Dex+3}
Res.Mut.  : .       Stasis     : .   (boots unavailable)
Res.Rott. : +       Flight     : +   S - amulet of clarity
Saprovore : . . .                    l - ring "Bloatit" {MP+9 Acc+6 Dam+3}
                                     p - ring of fire

@: liquid flames, flying, glowing, very slow, very resistant to hostile
enchantments, extremely unstealthy
A: large and strong wings, fangs 1, talons 3, see invisible, life protection 1,
electricity resistance, slow metabolism 1, spit poison 1, unbreathing,
petrification resistance, AC +19, Str +1, Dex -1
a: Spit Poison, Stop Flying, Bend Time, Temporal Distortion, Slouch, Step From
Time, Renounce Religion
}: 2/15 runes: decaying, serpentine


You were in the Vestibule of Hell.
You worshipped Cheibriados.
Cheibriados was exalted by your worship.
You were not hungry.

You visited 11 branches of the dungeon, and saw 64 of its levels.
You visited 1 bazaar.
You also visited: Bailey and Volcano.

You collected 7439 gold pieces.
You spent 2074 gold pieces at shops.

Inventory:

Armour
 y - a +0 wizard hat of magic resistance (worn)
 D - the -4 cloak "Diuf" (worn) {rN+ Int+2}
   (You bought it in a shop on level 3 of the Elven Halls)

   It affects your intelligence (+2).
   It protects you from negative energy.
 O - a +0 shield (worn)
 T - a +0 pair of gloves of dexterity (worn)
 X - the +12 crystal plate armour "Adwim" (worn) {rF++ Int+1}
   (You bought it in a shop in a bazaar)

   It affects your intelligence (+1).
   It greatly protects you from fire.
Magical devices
 h - a wand of teleportation (0)
 j - a wand of cold (2)
 t - a wand of fireball (3)
 z - a wand of lightning (1)
 C - a wand of disintegration (1)
 I - a wand of fire (11)
 L - a wand of digging (16)
 Y - a wand of disintegration (11)
Comestibles
 N - 4 meat rations
 W - 13 pears
 Z - 53 strawberries
Scrolls
 Q - a scroll of magic mapping
Jewellery
 d - an uncursed ring of sustain abilities
 f - an uncursed amulet of resist corrosion
 g - an uncursed amulet of stasis
 i - an uncursed ring of protection from cold
 l - the ring "Bloatit" (right hand) {MP+9 Acc+6 Dam+3}
   (You found it on level 1 of the Snake Pit)

   [ring of magical power]

   It affects your accuracy (+6).
   It affects your damage-dealing abilities (+3).
 n - an uncursed ring of positive energy
 p - a ring of fire (left hand)
 s - an uncursed ring of invisibility
 u - an uncursed ring of ice
 w - a +0,+8 ring of slaying
 x - an uncursed ring of sustain abilities
 A - the ring "Purrorch" {+/*Tele rF+ Dex+3 Acc+6}
   (You found it on level 3 of the Elven Halls)

   [ring of teleportation]

   It affects your dexterity (+3).
   It affects your accuracy (+6).
   It protects you from fire.
 B - an uncursed amulet of the gourmand
 J - a +4 ring of protection
 K - an uncursed ring of regeneration
 S - an amulet of clarity (around neck)
Potions
 e - 7 potions of curing
 q - 2 potions of invisibility
 v - 3 potions of restore abilities
 E - a potion of brilliance
 F - 2 potions of might
 V - a potion of agility
Magical staves
 a - an uncursed staff of earth (weapon)
Miscellaneous
 H - a crystal ball of energy
Rods
 b - a +9 rod of warding (17/17)
   (You found it on level 3 of the Elven Halls)


   Skills:
 - Level 10.0 Fighting
 - Level 12.2 Maces & Flails
 - Level 12.0 Staves
 O Level 27 Armour
 - Level 1.5 Dodging
 - Level 2.1 Stealth
 - Level 15.0 Shields
 - Level 9.0 Spellcasting
 - Level 0.7 Transmutations
 - Level 23.0 Earth Magic
 - Level 10.0 Invocations
 + Level 20.0 Evocations


You had 28 spell levels left.
You knew the following spells:

 Your Spells              Type           Power        Failure   Level  Hunger
b - Lee's Rapid Deconstr  Erth           ########..   1%          5    None
c - Petrify               Trmt/Erth      ########     1%          4    None
d - Apportation           Tloc           ###.......   10%         1    None
e - Blink                 Tloc           N/A          14%         2    None
f - Stone Arrow           Conj/Erth      ######       1%          3    None


Dungeon Overview and Level Annotations

Branches:
Dungeon (27/27)            Temple (1/1) D:5             Orc (4/4) D:6
    Elf (3/3) Orc:4          Lair (8/8) D:13          Swamp (5/5) Lair:5
  Snake (5/5) Lair:3       Vaults (4/5) D:16          Blade (1/1) Vaults:4
  Crypt (5/5) Vaults:2       Tomb (0/3) Crypt:3         Zot (0/5) D:27
  Slime: Lair:6-8       Dis: Hell:1         Geh: Hell:1         Coc: Hell:1
    Tar: Hell:1

Altars:
Ashenzari
Cheibriados
Elyvilon
Fedhas
Kikubaaqudgha
Makhleb
Nemelex Xobeh
Okawaru
Sif Muna
Trog
Vehumet
Xom
Yredelemnul
Zin
the Shining One

Shops:
D:10: * D:16: / D:21: ! Orc:3: % Orc:4: ([((}=* Elf:3: *( Vaults:3: %

Portals:
Hell: D:21 D:22 D:23 D:24 D:25 D:26 D:27
Abyss: D:22 D:23 D:24 D:25
Pandemonium: D:24 D:27
Trove: Vaults:4 (give 12 potions of heal wounds)

Annotations
D:10 exclusion: oklob plant
Lair:8 exclusion: 3 oklob plants
Swamp:4 Saint Roka


Innate Abilities, Weirdness & Mutations

You are resistant to torment.
You are immune to poison.
You can fly continuously.
Your stone body is very resilient (AC +19).
Your wings are large and strong.
You have very sharp teeth.
You have claws for feet.
You resist negative energy.
You are resistant to electric shocks.
You have a slow metabolism.
You can survive without breathing.
You are immune to petrification.
You have supernaturally acute eyesight.
You can spit poison.
Your muscles are strong, but stiff (Str +1, Dex -1).


Message History

* * * LOW HITPOINT WARNING * * *
You block the hell beast's attack.
The hell beast tramples you but does no damage.
You block the hell beast's attack. The iron golem closely misses you.
The red devil barely misses you. The reaper completely misses you.
The hell hog simulacrum bites you but does no damage.
The orange rat skeleton barely misses you.
You are covered in liquid flames!
* * * LOW HITPOINT WARNING * * *
The hell beast bites you but does no damage.
You block the hell beast's attack.
The hell beast bites you but does no damage.
The hell beast tramples you but does no damage.
You block the hell beast's attack. The hell hog simulacrum bites you!
* * * LOW HITPOINT WARNING * * *
The hell hog simulacrum freezes you!
You feel a terrible chill!
One of your 2 potions of brilliance freezes and shatters!
You die...

...............
..................
....................
.....................
≈§....................
#≈≈§...................
#≈≈.......9[4.........
#.≈§§.....3422z........
...≈≈≈.8.32.z2@........
..........4.28}........
...≈≈≈.......4.........
.§≈≈.......)..........
§....................
§..................
.................
.................
...............


You could see 2 iron golems, 3 hell beasts, 2 reapers, 2 soul eaters, a metal
gargoyle, 2 iron devils, a blue devil, a red devil, a hell hog simulacrum and an
orange rat skeleton.

Vanquished Creatures
  Boris (Crypt:4)
  2 ancient liches
  Sojobo (Crypt:3)
  Norris (Vaults:1)
  Geryon (Hell)
  A golden dragon (D:27)
  Jory (Crypt:1)
  Xtahua (Crypt:3)
  Frederick (Vaults:3)
  3 bone dragons
  Nikola (Swamp:4)
  A tentacled monstrosity (D:27)
  A Shadow Fiend (D:24)
  A titan (D:26)
  7 liches
  2 deep elf master archers (Elf:3)
  2 sphinxes
  2 quicksilver dragons (D:27)
  3 storm dragons
  13 tengu reavers
  The ghost of patman the Necromancer, a mighty DsGl of Kikubaaqudgha (Vaults:4)
  Rupert (Snake:3)
  Agnes (D:17)
  Frances (Snake:3)
  6 shadow dragons
  4 ancient champions
  6 revenants
  A shadow dragon (shapeshifter) (Elf:3)
  Roxanne (D:18)
  3 fire giants
  A frost giant (Vaults:2)
  Wiglaf (Swamp:4)
  2 ghouls
  Maud (Elf:1)
  An orc warlord (Vaults:2)
  4 vault wardens
  Aizul (Swamp:1)
  Louise (Swamp:4)
  9 deep elf sorcerers (Elf:3)
  2 curse skulls
  Gastronok (Lair:2)
  A draconian zealot (D:27)
  9 reapers
  Jorgrun (Snake:2)
  2 eidola
  13 greater nagas
  2 green draconians
  34 stone giants
  2 grey draconians (D:27)
  11 deep elf demonologists
  A green death (D:26)
  16 deep elf annihilators
  4 vampire knights
  2 mottled draconians (D:27)
  A large abomination (Elf:3)
  A pale draconian (D:27)
  A purple draconian (D:27)
  Snorg (D:18)
  7 ettins
  A dragon (D:19)
  11 vault guards
  15 deep elf death magi
  A quicksilver dragon zombie (Crypt:1)
  3 jiangshi
  3 great orbs of eyes
  36 yaktaur captains
  2 deep elf high priests (Elf:3)
  Fannar (Lair:4)
  6 ironheart preservers
  Harold (D:15)
  Josephine (D:10)
  An ice dragon (D:21)
  Nessos (D:16)
  3 ravenous feature mimics
  Erica (D:12)
  27 dancing weapons
  10 deep troll earth magi
  5 vampire magi
  19 hydras
  3 death yaks (Lair:8)
  3 plague shamblers
  5 alligators
  28 centaur warriors
  9 ogre magi
  A rakshasa (D:19)
  2 deep dwarf death knights
  11 deep troll shamans
  11 anacondas
  16 naga warriors
  3 soul eaters
  4 hell hogs (Hell)
  Urug (D:13)
  9 hell knights
  5 spectral elves
  12 very ugly things
  3 sun demons
  A catoblepas (shapeshifter) (D:25)
  A polymoth (Lair:7)
  Nergalle (Swamp:1)
  5 iron golems
  A water nymph (shapeshifter) (D:26)
  4 orc high priests
  A catoblepas (Lair:7)
  2 ice devils (Hell)
  3 fire crabs
  A storm dragon skeleton (D:24)
  18 deep elf knights
  4 shadow wraiths
  A spectral anaconda (Crypt:1)
  A death drake (shapeshifter) (Lair:7)
  36 deep trolls
  34 skeletal warriors
  Erolcha (D:9)
  6 iron trolls
  3 golden dragon zombies
  A swamp dragon (shapeshifter) (D:26)
  14 flayed ghosts
  A wizard (D:16)
  34 orc knights
  14 hill giants
  6 swamp dragons
  5 unseen horrors
  An ice statue (Lair:3)
  5 giant amoebae
  A faun (Lair:7)
  A spectral hydra (Swamp:5)
  Pikel (D:4)
  4 harpies (Vaults:4)
  8 ironbrand convokers
  A giant orange brain (Vaults:2)
  A harpy (shapeshifter) (D:13)
  4 flaming corpses
  A sphinx zombie (D:17)
  Joseph (Orc:3)
  3 crystal golems (Crypt:5)
  13 griffons
  13 deep elf conjurers
  13 phantasmal warriors
  A shadow dragon skeleton (D:24)
  5 wolf spiders
  18 necromancers
  4 spiny worms
  10 orc sorcerers
  3 frost giant zombies
  12 stone giant zombies
  A fire giant zombie (D:24)
  8 cyclopes
  A spectral dragon (Crypt:3)
  9 vault sentinels
  A red wasp (Swamp:1)
  3 fire giant skeletons
  7 elephants
  A moth of wrath (shapeshifter) (D:25)
  13 deep elf summoners
  A guardian serpent (shapeshifter) (D:26)
  A satyr zombie (Crypt:3)
  Maurice (D:10)
  A stone golem (D:19)
  5 frost giant skeletons
  21 stone giant skeletons
  13 guardian serpents
  An orange demon (Elf:3)
  A dire elephant zombie (Crypt:4)
  A feature mimic (D:14)
  20 spiny frogs
  2 eyes of devastation
  20 black mambas
  A spectral human (Crypt:5)
  A smoke demon (Elf:3)
  A yellow draconian zombie (Crypt:4)
  A satyr skeleton (Crypt:5)
  An ancient bear zombie (Crypt:3)
  A red draconian zombie (Crypt:2)
  A redback zombie (Crypt:5)
  13 naga magi
  3 swamp worm zombies (Swamp:5)
  A mottled draconian zombie (Crypt:2)
  5 guardian mummies (Crypt:3)
  An iron troll zombie (Crypt:1)
  A spectral moth of suppression (Crypt:3)
  A sea snake zombie (Crypt:2)
  A storm dragon simulacrum (D:24)
  2 vapours
  6 demonic crawlers
  2 efreet
  A spectral glowing shapeshifter (Crypt:2)
  2 hellwings
  A wolf spider simulacrum (Vaults:1)
  3 red devils
  2 silent spectres
  A mermaid (shapeshifter) (D:16)
  6 hydra zombies
  8 spriggans (Lair:8)
  13 trolls
  90 yaktaurs
  5 fire drakes
  13 deep elf priests
  A green draconian skeleton (Crypt:3)
  10 komodo dragons
  A polar bear (shapeshifter) (D:26)
  4 polar bears (Lair:3)
  Sonja (Orc:2)
  4 baby alligators (Swamp:3)
  15 two-headed ogres
  An iron devil (Snake:3)
  4 boulder beetles
  2 iron troll skeletons
  A blue devil (D:26)
  10 giant leeches
  A wandering mushroom (D:14)
  4 jumping spiders
  A jumping spider zombie (Crypt:2)
  A raven (Swamp:1)
  A troll (shapeshifter) (Elf:1)
  36 slime creatures
  5 ettin zombies
  A giant firefly (Lair:8)
  11 bog bodies
  3 spectral swamp dragons (Swamp:5)
  11 blink frogs
  A slime creature (shapeshifter) (Vaults:4)
  5 basilisks
  A griffon skeleton (Crypt:2)
  4 stone giant simulacra
  4 vampires
  4 ettin skeletons
  15 redbacks
  An air elemental (Crypt:3)
  5 grizzly bears (Lair:8)
  A trapdoor spider (shapeshifter) (D:16)
  A redback (shapeshifter) (D:25)
  A satyr simulacrum (Crypt:2)
  4 shadows
  A spiny worm zombie (D:20)
  2 water elementals (D:14)
  A guardian serpent skeleton (Crypt:2)
  2 yaks (shapeshifter)
  4 tarantellas
  54 flying skulls
  109 ugly things
  15 wraiths
  A hungry ghost (D:11)
  A shark (D:14)
  11 hippogriffs
  2 elephant slugs
  Eustachio (Orc:1)
  25 deep elf magi
  6 hell beasts (Hell)
  A spriggan skeleton (Crypt:4)
  A ynoxinul (Vaults:4)
  Grum (D:9)
  4 wyverns
  A clay golem (D:20)
  25 deep elf fighters
  21 yaks
  4 metal gargoyles (Hell)
  A hill giant skeleton (D:10)
  A rock worm (shapeshifter) (D:15)
  51 vampire mosquitoes
  An ancient bear simulacrum (Crypt:3)
  A manticore (shapeshifter) (D:26)
  A wind drake skeleton (Crypt:4)
  2 manticores
  2 human zombies
  3 soldier ants
  31 wolves
  2 mottled dragons
  9 porcupines
  An iron troll simulacrum (D:21)
  5 rock worms
  45 swamp worms
  2 dryad zombies (Crypt:5)
  14 freezing wraiths
  5 deep troll skeletons
  2 agate snail zombies
  A deep troll zombie (D:24)
  3 dryad skeletons
  75 nagas
  A raven skeleton (Crypt:4)
  12 swamp drakes
  8 ice beasts
  2 slaves (D:4)
  12 black bears
  6 necrophages
  16 lost souls
  8 sky beasts
  2 yellow wasps
  65 orc warriors
  8 giant goldfish
  A snapping turtle skeleton (Crypt:1)
  45 ogres
  A wind drake simulacrum (Crypt:2)
  An ettin simulacrum (Crypt:1)
  35 centaurs
  3 swamp dragon zombies (Swamp:5)
  26 phantoms
  A boring beetle (Lair:4)
  A hill giant simulacrum (D:15)
  Duvessa (D:4)
  2 rotting devils
  8 wargs
  A brain worm (Lair:4)
  45 water moccasins
  22 big kobolds
  A giant slug zombie (Crypt:1)
  21 giant frogs
  4 yaktaur zombies
  7 crocodiles
  Blork the orc (D:5)
  A chimera zombie (Crypt:3)
  A cyclops zombie (D:12)
  12 giant slugs
  A silver statue (D:24)
  39 insubstantial wisps
  A deep troll simulacrum (Vaults:3)
  A glowing shapeshifter simulacrum (D:24)
  10 agate snails
  A troll zombie (Crypt:1)
  A hippogriff zombie (D:10)
  An eye of draining (shapeshifter) (D:23)
  4 boulder beetle zombies
  22 killer bees
  23 wights
  3 eyes of draining
  A cyclops skeleton (D:17)
  11 jellyfish
  A hippogriff skeleton (D:10)
  A polar bear skeleton (Crypt:1)
  2 yak skeletons
  A yak zombie (D:12)
  10 electric eels
  2 troll skeletons
  21 big fish
  37 orc priests
  Dowan (D:4)
  14 crimson imps
  4 quasits
  A wolf skeleton (Crypt:3)
  3 iron imps
  A centaur zombie (D:12)
  8 goliath beetles
  A yaktaur simulacrum (Crypt:2)
  A basilisk zombie (D:9)
  A giant frog skeleton (D:10)
  10 hounds
  A warg zombie (Crypt:3)
  11 orange rats
  2 spectral swamp drakes (Swamp:5)
  An orange rat (shapeshifter) (D:26)
  2 basilisk skeletons
  30 orc wizards
  A draconian skeleton (Crypt:1)
  2 scorpions
  9 jellies
  4 spiders
  A worker ant (shapeshifter) (D:24)
  6 worker ants
  7 iguanas
  A big kobold zombie (D:12)
  An ogre zombie (D:9)
  14 sheep
  Ijyb (D:5)
  Jessica (D:2)
  A crocodile skeleton (D:6)
  A felid skeleton (Crypt:1)
  A killer bee zombie (D:6)
  2 sky beast zombies
  A mottled dragon skeleton (D:12)
  15 boggarts
  A gnome zombie (Crypt:1)
  Terence (D:2)
  11 mummies
  A worker ant zombie (D:7)
  22 green rats
  4 orange rat zombies (Hell)
  2 swamp drake zombies (Swamp:5)
  42 adders
  6 big fish zombies (Swamp:5)
  8 giant centipedes
  2 lemures (Orc:1)
  An orange rat skeleton (Hell)
  2 swamp drake skeletons
  2 inept feature mimics
  An inept item mimic (D:6)
  4 white imps
  2 orange rat simulacra (Hell)
  2 giant mites
  2 shadow imps
  6 worms
  8 ufetubi
  2 scorpion zombies
  A sheep skeleton (Crypt:2)
  An adder skeleton (Crypt:3)
  3 giant eyeballs
  4 giant geckos
  5 oozes (D:14)
  191 orcs
  2 ball pythons
  A bat skeleton (D:4)
  7 giant cockroaches
  A gnoll zombie (D:7)
  24 goblins
  17 hobgoblins
  10 quokkas
  22 bats
  A giant newt (shapeshifter) (D:27)
  3 giant newts
  A hobgoblin zombie (D:5)
  2 illusory rakshasas (D:19)
  23 jackals
  34 kobolds
  A lava orc skeleton (Crypt:2)
  An orc skeleton (D:9)
  2 orc zombies
  18 rats
  5 ballistomycetes (D:15)
  4 crawling corpses
  2 fungi
3102 creatures vanquished.

Vanquished Creatures (others)
  2 tengu reavers (D:25)
  An ogre mage (Vaults:1)
  A necromancer (D:24)
  A stone giant zombie (D:24)
  A black mamba (Snake:4)
  4 yaktaurs (D:24)
  An air elemental (Crypt:3)
  A swamp drake (Swamp:3)
  4 lost souls
  A giant frog (Swamp:4)
  A jellyfish (Swamp:4)
  A cyclops simulacrum (D:17)
  A hobgoblin (D:4)
  2 giant spores (D:15)
  A kobold (D:4)
  5 fungi
28 creatures vanquished.

Grand Total: 3130 creatures vanquished

Notes
Turn   | Place    | Note
--------------------------------------------------------------
     0 | D:1      | temujin, the Gargoyle Earth Elementalist, began the quest for the Orb.
     0 | D:1      | Reached XP level 1. HP: 10/10 MP: 3/3
   172 | D:1      | Reached XP level 2. HP: 15/15 MP: 4/4
   790 | D:2      | Reached XP level 3. HP: 17/19 MP: 0/7
  1033 | D:2      | Found an iron altar of Okawaru.
  1452 | D:2      | Noticed Terence
  1532 | D:2      | Killed Terence
  1532 | D:2      | Reached XP level 4. HP: 7/24 MP: 1/9
  1836 | D:2      | Noticed Jessica
  1842 | D:2      | Killed Jessica
  1842 | D:2      | Reached skill level 5 in Earth Magic
  2529 | D:3      | Reached skill level 6 in Earth Magic
  2529 | D:3      | Reached XP level 5. HP: 28/28 MP: 7/10
  2541 | D:3      | Learned a level 5 spell: Lee's Rapid Deconstruction
  3021 | D:4      | Noticed Duvessa
  3025 | D:5      | Entered Level 5 of the Dungeon
  3035 | D:5      | Reached skill level 7 in Earth Magic
  3068 | D:5      | Reached XP level 6. HP: 18/32 MP: 6/12
  3085 | D:5      | Reached skill level 8 in Earth Magic
  3491 | D:5      | Noticed Blork the orc
  3505 | D:5      | Killed Blork the orc
  3572 | D:5      | Noticed a sky beast
  3584 | D:5      | Killed a sky beast
  3584 | D:5      | Reached skill level 9 in Earth Magic
  3584 | D:5      | Reached XP level 7. HP: 32/36 MP: 1/14
  3780 | D:5      | Noticed Ijyb
  3803 | D:5      | Killed Ijyb
  4012 | D:5      | Found a glowing golden altar of the Shining One.
  4097 | D:5      | Reached skill level 10 in Earth Magic
  4124 | D:5      | Noticed an ogre
  4350 | D:5      | Killed an ogre
  4420 | D:5      | Found a staircase to the Ecumenical Temple.
  4427 | Temple   | Entered the Ecumenical Temple
  4514 | Temple   | Became a worshipper of Cheibriados the Contemplative
  4710 | D:5      | Reached skill level 11 in Earth Magic
  4838 | D:5      | Reached XP level 8. HP: 39/41 MP: 11/16
  5031 | D:5      | Learned a level 4 spell: Petrify
  5062 | D:4      | Noticed Dowan
  5065 | D:4      | Killed Dowan
  5069 | D:4      | Killed Duvessa
  5188 | D:4      | Reached skill level 12 in Earth Magic
  5385 | D:4      | Noticed a slave
  5385 | D:4      | Noticed a slave
  5387 | D:4      | Noticed Pikel
  5391 | D:4      | Noticed a slave
  5395 | D:4      | Noticed a slave
  5395 | D:4      | Killed a slave
  5395 | D:4      | Killed a slave
  5396 | D:4      | Killed Pikel
  5396 | D:4      | Reached skill level 13 in Earth Magic
  5396 | D:4      | Reached XP level 9. HP: 45/45 MP: 6/17
  5888 | D:6      | Acquired Cheibriados' first power
  5911 | D:6      | Reached skill level 14 in Earth Magic
  6400 | D:6      | Found a staircase to the Orcish Mines.
  6663 | D:6      | Reached skill level 15 in Earth Magic
  6787 | D:7      | Found a sparkling altar of Nemelex Xobeh.
  6928 | D:7      | Reached skill level 1 in Maces & Flails
  7728 | D:8      | Reached skill level 5 in Maces & Flails
  8357 | D:8      | Acquired Cheibriados' second power
  8429 | D:8      | Reached XP level 10. HP: 50/50 MP: 7/18
  9344 | D:9      | Noticed Erolcha
  9352 | D:9      | Killed Erolcha
  9354 | D:9      | Acquired Cheibriados' third power
  9485 | D:9      | Reached skill level 10 in Maces & Flails
  9635 | D:9      | Noticed Grum
  9651 | D:9      | Killed Grum
  9651 | D:9      | Reached XP level 11. HP: 35/54 MP: 4/20
  9754 | D:9      | Acquired Cheibriados' fourth power
  9887 | D:9      | Noticed a hill giant
  9902 | D:9      | Killed a hill giant
 10069 | D:10     | Entered Level 10 of the Dungeon
 10089 | D:10     | Noticed Josephine
 10101 | D:10     | Killed Josephine
 10241 | D:10     | Found Skauhe Seigh's General Store.
 10255 | D:10     | Noticed Maurice
 10257 | D:10     | Killed Maurice
 10257 | D:10     | Reached skill level 16 in Earth Magic
 10940 | D:11     | Reached skill level 1 in Shields
 11179 | D:11     | Noticed a hill giant
 11219 | D:11     | Killed a hill giant
 11219 | D:11     | Reached skill level 5 in Shields
 11478 | D:12     | Found a labyrinth entrance.
 11513 | D:12     | Found a flagged portal.
 11528 | Bailey   | Entered a bailey
 11900 | Bailey   | Noticed an orc knight
 11913 | Bailey   | Killed an orc knight
 11913 | Bailey   | Reached skill level 17 in Earth Magic
 11913 | Bailey   | Reached XP level 12. HP: 36/59 MP: 8/21
 11917 | Bailey   | Noticed an orc knight
 11935 | Bailey   | Gained mutation: You have supernaturally acute eyesight. [potion of beneficial mutation]
 12057 | D:12     | Noticed Erica
 12062 | D:12     | Killed Erica
 12064 | D:12     | Noticed a hill giant
 12068 | D:12     | Killed a hill giant
 12567 | D:12     | Noticed a seven-headed hydra
 12591 | D:12     | Killed a seven-headed hydra
 12591 | D:12     | Reached skill level 18 in Earth Magic
 13970 | D:13     | Gained mutation: You have claws for feet. [potion of beneficial mutation]
 14159 | D:13     | Reached skill level 19 in Earth Magic
 14362 | D:13     | Noticed Urug
 14374 | D:13     | Killed Urug
 14431 | D:13     | Noticed a five-headed hydra
 14438 | D:13     | Killed a five-headed hydra
 14727 | D:13     | Found a staircase to the Lair.
 14734 | D:13     | Got a shimmering mace
 14735 | D:13     | Identified the cursed mace "Ebbung" {speed, Dex+4} (You found it on level 13 of the Dungeon)
 14746 | Lair:1   | Entered Level 1 of the Lair of Beasts
 14964 | Lair:1   | Reached skill level 20 in Earth Magic
 14970 | Lair:1   | Reached skill level 1 in Armour
 15224 | Lair:1   | Reached XP level 13. HP: 63/63 MP: 21/21
 15481 | Lair:2   | Noticed Gastronok
 15494 | Lair:2   | Killed Gastronok
 15494 | Lair:2   | Reached skill level 5 in Armour
 15510 | Lair:2   | Found a dark tunnel.
 15540 | Volcano  | Entered a volcano
 16763 | D:14     | Entered Level 14 of the Dungeon
 17528 | Lair:3   | Found a staircase to the Snake Pit.
 17967 | Lair:4   | Identified the Reference Book on Aid
 18001 | Lair:4   | Noticed Fannar
 18007 | Lair:4   | Killed Fannar
 18465 | Lair:4   | Reached skill level 10 in Armour
 18581 | Lair:2   | Learned a level 1 spell: Apportation
 19526 | Lair:5   | Found a staircase to the Swamp.
 20161 | Lair:6   | Gained mutation: Your wings are large and strong. [gargoyle growth]
 20161 | Lair:6   | Reached XP level 14. HP: 51/68 MP: 22/22
 20359 | Lair:7   | Got an ebony whip
 20361 | Lair:7   | Identified the whip "Woptog" {drain, rC+} (You found it on level 7 of the Lair of Beasts)
 21225 | Lair:8   | Entered Level 8 of the Lair of Beasts
 21310 | Lair:8   | Identified a scroll of acquirement
 21831 | Lair:8   | Reached skill level 15 in Armour
 22682 | Snake:1  | Entered Level 1 of the Snake Pit
 23275 | Snake:1  | Reached XP level 15. HP: 70/72 MP: 23/23
 23312 | Snake:1  | Got a sparkling lapis lazuli ring
 23315 | Snake:1  | Identified the ring "Bloatit" {MP+9 Acc+6 Dam+3} (You found it on level 1 of the Snake Pit)
 23458 | Snake:2  | Noticed Jorgrun
 23464 | Snake:2  | Killed Jorgrun
 23715 | Snake:2  | Reached skill level 1 in Staves
 23768 | Snake:2  | Got an encrusted chain mail
 24249 | Snake:3  | Reached skill level 5 in Staves
 24297 | Snake:3  | Noticed Frances
 24306 | Snake:3  | Killed Frances
 24634 | Snake:3  | Noticed Rupert
 24634 | Snake:3  | Paralysed by Rupert for 3 turns
 24648 | Snake:3  | Killed Rupert
 25145 | Snake:3  | Reached skill level 10 in Staves
 25349 | Snake:3  | Identified the +7 chain mail of Defiance {Acc+4 Dam+3} (You found it on level 2 of the Snake Pit)
 25619 | Snake:4  | Reached skill level 1 in Evocations
 25875 | Snake:4  | Found a blossoming altar of Fedhas.
 26260 | Snake:5  | Entered Level 5 of the Snake Pit
 26538 | Snake:5  | Reached skill level 5 in Evocations
 26538 | Snake:5  | Reached XP level 16. HP: 55/76 MP: 7/25
 27749 | Snake:5  | Reached skill level 10 in Evocations
 27817 | Snake:5  | Got a serpentine rune of Zot
 28471 | Lair:3   | Gained mutation: You can spit poison. [potion of beneficial mutation]
 28591 | Swamp:1  | Entered Level 1 of the Swamp
 28677 | Swamp:1  | Noticed Nergalle
 28686 | Swamp:1  | Killed Nergalle
 28944 | Swamp:1  | Noticed Aizul
 28957 | Swamp:1  | Killed Aizul
 29876 | Swamp:2  | Reached XP level 17. HP: 80/80 MP: 32/32
 30996 | Swamp:4  | Noticed Saint Roka
 31214 | Swamp:4  | Noticed Nikola
 31229 | Swamp:4  | Killed Nikola
 31516 | Swamp:4  | Noticed Louise
 31534 | Swamp:4  | Killed Louise
 32540 | Swamp:5  | Entered Level 5 of the Swamp
 33031 | Swamp:5  | Noticed a bone dragon
 33059 | Swamp:5  | Killed a bone dragon
 33089 | Swamp:5  | Got a decaying rune of Zot
 33421 | Swamp:5  | Reached skill level 10 in Shields
 33710 | Swamp:4  | Noticed Wiglaf
 33738 | Swamp:4  | Killed Wiglaf
 35182 | D:14     | Reached XP level 18. HP: 74/85 MP: 34/34
 35336 | D:15     | Entered Level 15 of the Dungeon
 35453 | D:15     | Found a burning altar of Makhleb.
 35669 | D:15     | Got an ichor-stained scale mail
 35874 | D:15     | Noticed Harold
 35878 | D:15     | Killed Harold
 36073 | D:15     | Found a burning altar of Makhleb.
 36346 | D:16     | Noticed Nessos
 36373 | D:16     | Killed Nessos
 36676 | D:16     | Found Kunar's Magical Wand Shoppe.
 36719 | D:16     | Found a staircase to the Vaults.
 37187 | D:17     | Noticed Agnes
 37207 | D:17     | Killed Agnes
 37672 | D:18     | Noticed Mara
 37674 | D:18     | Noticed temujin's illusion
 38027 | Orc:1    | Entered Level 1 of the Orcish Mines
 38434 | Orc:2    | Noticed Sonja
 38437 | Orc:2    | Killed Sonja
 38843 | Orc:1    | Noticed Eustachio
 38868 | Orc:1    | Killed Eustachio
 39017 | Orc:3    | Noticed Joseph
 39023 | Orc:3    | Killed Joseph
 39070 | Orc:3    | Found Kusud's Food Shop.
 39310 | Orc:3    | Found a burning altar of Makhleb.
 39326 | Orc:4    | Entered Level 4 of the Orcish Mines
 39484 | Orc:4    | Found a staircase to the Elven Halls.
 39965 | Orc:4    | Found Skaurch's Armour Shoppe.
 39968 | Orc:4    | Found Voiri's Weapon Shoppe.
 40206 | Orc:4    | Found Suanu's Gadget Boutique.
 40214 | Orc:4    | Found Crun's Assorted Antiques.
 40220 | Orc:4    | Found Ukhluopt's Jewellery Shoppe.
 40222 | Orc:4    | Found Nus Capab's Weapon Boutique.
 40274 | Orc:4    | Found Hazxyan's Weapon Boutique.
 40386 | Elf:1    | Entered Level 1 of the Elven Halls
 40398 | Elf:1    | Reached skill level 15 in Shields
 40401 | Elf:1    | Noticed Maud
 40412 | Elf:1    | Killed Maud
 40412 | Elf:1    | Reached skill level 1 in Fighting
 40595 | Elf:1    | Found a radiant altar of Vehumet.
 41583 | Elf:2    | Reached skill level 5 in Fighting
 42515 | Lair:2   | Identified the +0 scale mail of Broken Taboos {rPois rC++ SInv} (You found it on level 15 of the Dungeon)
 42659 | Vaults:1 | Entered Level 1 of the Vaults
 42723 | Vaults:1 | Reached XP level 19. HP: 99/101 MP: 28/34
 43425 | Vaults:1 | Noticed Norris
 43430 | Vaults:1 | Killed Norris
 43642 | Vaults:1 | Reached skill level 10 in Fighting
 44256 | Vaults:2 | Found an ancient bone altar of Kikubaaqudgha.
 44256 | Vaults:2 | Found a staircase to the Crypt.
 44257 | Vaults:2 | Found a basalt altar of Yredelemnul.
 45830 | Vaults:2 | Reached XP level 20. HP: 89/114 MP: 35/35
 45986 | Vaults:2 | Found Gassix's Food Emporium.
 45995 | Vaults:2 | Gassix's Food Emporium was a mimic.
 46187 | Vaults:2 | Got an ichor-stained scale mail
 46293 | Vaults:2 | Bloax: CPA? Interesting.
 46418 | Vaults:2 | Identified the cursed -2 scale mail "Shet" {Dex-4} (You found it on level 2 of the Vaults)
 46623 | Vaults:3 | Noticed Frederick
 46628 | Vaults:3 | Killed Frederick
 46731 | Vaults:3 | temujin: I don't think I will keep it for the long run, but at the moment it seems to work
 46827 | Vaults:3 | Bloax: Well it's pretty rough with 'just' 28 str.
 46836 | Vaults:3 | temujin: Argh..
 46945 | Vaults:3 | Found Stylyr's Food Emporium.
 47354 | Vaults:3 | Bloax: Hm.
 47359 | Vaults:3 | Bloax: What's in its description again?
 47365 | Vaults:3 | Bloax: mmh
 47365 | Vaults:3 | Bloax: Unless you really don't plan on keeping it.
 47365 | Vaults:3 | Bloax: Then getting some points in str would help.
 47365 | Vaults:3 | temujin: I have an artifact chain mail with +5 slaying
 47365 | Vaults:3 | temujin: I have three more, and mabye a randomn
 47653 | Vaults:4 | Noticed patman's ghost (mighty DsGl)
 47672 | Vaults:4 | Killed patman's ghost
 47812 | Vaults:4 | Found a staircase to the Hall of Blades.
 47820 | Blade    | Entered the Hall of Blades
 47866 | Blade    | Reached skill level 5 in Spellcasting
 48008 | Blade    | Bloax: slouch slouch
 48008 | Blade    | Bloax: lol
 48009 | Blade    | Bloax: at least that worked
 48009 | Blade    | temujin: Maybe I should get some invocations
 48009 | Blade    | temujin: Thanks!
 48009 | Blade    | Bloax: maaaaaaaaaaybe
 48122 | Blade    | Reached skill level 1 in Invocations
 48576 | Vaults:4 | Reached skill level 5 in Invocations
 49651 | Vaults:4 | temujin: Strength, really?
 49651 | Vaults:4 | Reached XP level 21. HP: 98/119 MP: 36/36
 49732 | Vaults:4 | Reached skill level 10 in Invocations
 49926 | Vaults:4 | Bloax: You're wearing one of the heaviest armors in the game.
 49926 | Vaults:4 | Bloax: And strength helps a lot with casting in that.
 49926 | Vaults:4 | Bloax: Gennerally it doesn't help that much but generally you aren't wearing a cpa.
 49926 | Vaults:4 | temujin: Right, I'll push Str for the next two
 50343 | Vaults:4 | Found a portal to a secret trove of treasure.
 50617 | Vaults:4 | temujin: Time for a rest.
 50617 | Vaults:4 | temujin: Thanks for the advice
 50617 | Vaults:4 | Bloax: alright
 50617 | Vaults:4 | Bloax: Laters.
 50617 | Vaults:4 | temujin: And for saving me with slouch!
 50617 | Vaults:4 | temujin: ..
 50617 | Vaults:4 | Bloax: hue hue
 50617 | Vaults:4 | temujin: servus
 50887 | Lair:2   | Learned a level 2 spell: Blink
 50894 | Lair:2   | Learned a level 3 spell: Stone Arrow
 51066 | Crypt:1  | Entered Level 1 of the Crypt
 51427 | Crypt:1  | Got an ancient bronze ring
 51514 | Crypt:1  | Noticed Jory
 51537 | Crypt:1  | Killed Jory
 53253 | Crypt:3  | Reached skill level 21 in Earth Magic
 53489 | Crypt:3  | Noticed Xtahua
 53497 | Crypt:3  | Killed Xtahua
 54005 | Crypt:3  | Noticed Sojobo
 54023 | Crypt:3  | Killed Sojobo
 54023 | Crypt:3  | Reached skill level 22 in Earth Magic
 54042 | Crypt:3  | Gained mutation: Your muscles are strong, but stiff (Str +1, Dex -1). [potion of beneficial mutation]
 54769 | Crypt:3  | Found a staircase to the Tomb.
 54898 | Crypt:4  | Reached XP level 22. HP: 124/124 MP: 36/36
 55346 | Crypt:4  | Reached skill level 23 in Earth Magic
 55762 | Crypt:4  | Noticed Boris
 55773 | Crypt:4  | Killed Boris
 56008 | Crypt:5  | Entered Level 5 of the Crypt
 56993 | Crypt:5  | Found an iron altar of Okawaru.
 57001 | Crypt:5  | Noticed an ancient lich
 57012 | Crypt:5  | Killed an ancient lich
 58676 | Lair:2   | Identified the ring of Eternal Harmony {-Tele +Inv +Fly Dex+2} (You found it on level 1 of the Crypt)
 59045 | Elf:3    | Entered Level 3 of the Elven Halls
 59796 | Elf:3    | Reached XP level 23. HP: 129/129 MP: 37/37
 59908 | Elf:3    | Found Gaosaelu's Antique Weapon Shoppe.
 59915 | Elf:3    | Found Umap's Assorted Antiques.
 59924 | Elf:3    | Bought an ichor-stained cloak for 150 gold pieces
 59928 | Elf:3    | Identified the cursed -4 cloak "Diuf" {rN+ Int+2} (You bought it in a shop on level 3 of the Elven Halls)
 59929 | Elf:3    | Bought an ivory wand for 500 gold pieces
 61523 | Elf:3    | Identified the Tome of Conjuration and Benedictions
 61622 | Elf:3    | Got a shimmering steel amulet
 61627 | Elf:3    | Identified the Almanac of Displacement and Transmutation (You found it on level 3 of the Elven Halls)
 61646 | Elf:3    | Got a wavering marble ring
 61665 | Elf:3    | Identified a +4 rod of warding (13/13) (You found it on level 3 of the Elven Halls)
 61692 | Elf:3    | Identified the Reference Book on Aid and Dark Rituals (You found it on level 3 of the Elven Halls)
 61693 | Elf:3    | Identified the ring "Avvuos" {Regen rPois} (You found it on level 3 of the Elven Halls)
 62094 | Elf:3    | Got a slimy steel ring
 62106 | Elf:3    | Identified the amulet of Lugonu's Esteem {Faith Dex+3 Int-5} (You found it on level 3 of the Elven Halls)
 62107 | Elf:3    | Identified the ring "Purrorch" {+/*Tele rF+ Dex+3 Acc+6} (You found it on level 3 of the Elven Halls)
 62114 | Elf:3    | Identified Sif Muna's Compendium of Confrontation and Companions (You found it on level 3 of the Elven Halls)
 62201 | Elf:3    | Identified a cursed +1 rod of striking (8/8) (You found it on level 3 of the Elven Halls)
 62855 | D:13     | Reached skill level 24 in Armour
 63303 | D:18     | Noticed Snorg
 63312 | D:18     | Killed Snorg
 63410 | D:18     | Noticed Roxanne
 63434 | D:18     | Killed Roxanne
 63442 | D:18     | Identified Roxanne's Tome of Transmutation and Poison (You took it off Roxanne on level 18 of the Dungeon)
 64158 | D:20     | Entered Level 20 of the Dungeon
 65324 | D:21     | Found a gateway to Hell.
 65446 | D:21     | Found a burning altar of Makhleb.
 65793 | D:21     | Found Taleewi's Distillery.
 65918 | D:21     | Reached skill level 25 in Armour
 66017 | D:21     | Reached XP level 24. HP: 136/136 MP: 37/37
 66439 | D:22     | Found a one-way gate to the infinite horrors of the Abyss.
 68459 | D:24     | Found a one-way gate leading to the halls of Pandemonium.
 68544 | D:24     | Found an ancient bone altar of Kikubaaqudgha.
 68545 | D:24     | Noticed an ancient lich
 68551 | D:24     | Killed an ancient lich
 68551 | D:24     | Reached skill level 26 in Armour
 69046 | D:24     | Found a gateway to a bazaar.
 69056 | Bazaar   | Entered a bazaar
 69058 | Bazaar   | Found Qiapham's Assorted Antiques.
 69061 | Bazaar   | Found Siesoin's Jewellery Boutique.
 69062 | Bazaar   | Found Pseurch Stromi's Antique Armour Boutique.
 69062 | Bazaar   | Found Suciq's Antique Armour Boutique.
 69077 | Bazaar   | Bought a pair of embroidered gloves for 16 gold pieces
 69093 | Bazaar   | Bought a faintly glowing crystal plate armour for 1210 gold pieces
 69131 | Bazaar   | Identified the +12 crystal plate armour "Adwim" {rF++ Int+1} (You bought it in a shop in a bazaar)
 69132 | Bazaar   | temujin: Huh
 69137 | Bazaar   | Bought a scroll of blinking for 198 gold pieces
 70454 | D:25     | Entered Level 25 of the Dungeon
 70667 | D:25     | Reached skill level 27 in Armour
 70827 | D:25     | Found an iron altar of Okawaru.
 71009 | D:25     | Reached XP level 25. HP: 140/140 MP: 38/38
 71221 | D:25     | Reached skill level 15 in Evocations
 72770 | D:27     | Entered Level 27 of the Dungeon
 74154 | D:27     | Reached XP level 26. HP: 140/146 MP: 41/41
 76112 | Hell     | Entered the Vestibule of Hell
 76112 | Hell     | Noticed Geryon
 76146 | Hell     | Killed Geryon
 76153 | Hell     | Demolished by a hell hog simulacrum

Action                   |  1- 3 |  4- 6 |  7- 9 | 10-12 | 13-15 | 16-18 | 19-21 | 22-24 | 25-27 || total
-------------------------+-------+-------+-------+-------+-------+-------+-------+-------+-------++-------
Melee: Unarmed           |   124 |    77 |    62 |       |       |       |     8 |     2 |       ||   273
       Whip              |       |       |   197 |   792 |  1254 |       |       |       |       ||  2243
       Staff             |       |       |       |       |   103 |  1649 |  1225 |   967 |   524 ||  4468
       Rod               |       |       |       |       |       |       |       |    22 |     9 ||    31
Throw: Javelin           |       |    17 |       |       |       |       |       |       |       ||    17
 Cast: Sandblast         |    43 |    63 |   111 |    18 |    29 |     7 |       |       |       ||   271
       Lee's Rapid Decon |       |     6 |    29 |    58 |    63 |   142 |   245 |   385 |   102 ||  1030
       Petrify           |       |       |     4 |    18 |     2 |    10 |     6 |    35 |    23 ||    98
       Apportation       |       |       |       |       |     2 |       |       |       |       ||     2
       Stone Arrow       |       |       |       |       |       |       |     8 |    21 |     8 ||    37
       Blink             |       |       |       |       |       |       |     1 |     2 |     4 ||     7
Invok: Slouch            |       |       |       |       |       |       |     2 |       |       ||     2
 Abil: Fly               |       |       |       |       |     1 |       |       |       |     1 ||     2
       Stop Flying       |       |       |       |       |       |       |       |       |     1 ||     1
Evoke: Wand              |       |       |     4 |     3 |     5 |     8 |     1 |    10 |     1 ||    32
       Miscellaneous     |       |       |       |       |       |       |     2 |    20 |     8 ||    30
       Rod               |       |       |       |       |       |       |       |     5 |     8 ||    13
  Use: Potion            |       |     6 |       |     6 |     1 |     9 |     7 |     2 |     3 ||    34
       Scroll            |       |       |    20 |    17 |    14 |    17 |    13 |    21 |     3 ||   105
 Stab: Sleeping          |       |       |     1 |     6 |     4 |       |       |       |       ||    11
       Petrifying        |       |       |       |     7 |       |     1 |       |     2 |       ||    10
       Petrified         |       |       |       |     3 |       |       |       |       |     1 ||     4
       Distracted        |       |       |       |     1 |     1 |     1 |     1 |       |     1 ||     5
       Fleeing           |       |       |       |       |     1 |     2 |     1 |       |       ||     4
       Confused          |       |       |       |       |       |     3 |       |       |       ||     3
       Invisible         |       |       |       |       |       |       |     7 |       |       ||     7
